[Event "Titled Tuesday Blitz March 15 Late 2022"]
[White "Fedoseev, Vladimir"]
[Black "Moroni, Luca Jr"]
[WhiteFideId "24130737"]
[BlackFideId "865834"]
[WhiteElo "2726"]
[BlackElo "2573"]
[Result "1-0"]
[Round "08"]
[TimeControl "180+1"]
[Date "2022.03.15"]
[WhiteClock "0:00:31"]
[BlackClock "0:00:02"]

1. Nf3 d6 2. d4 g6 3. e4 Bg7 4. Bc4 Nf6 5. e5 dxe5 6. Nxe5 O-O 7. O-O c5 8. dxc5 Qc7 9. Nd3 Bg4 10. Qe1 Nc6 11. Bf4 Qc8 12. Nc3 Rd8 13. h3 Bf5 14. Rd1 Nd4 15. Qxe7 Bxh3 16. Qxf7+ Kh8 17. Ne5 Rf8 18. Qe7 Nh5 19. Rxd4 Nxf4 20. gxh3 Qxh3 21. Rxf4 Rxf4 22. Be6 Qh5 23. Nf7+ Rxf7 24. Qxf7 Qg5+ 25. Kh2 Qh4+ 26. Bh3 Rf8 27. Qe6 Rxf2+ 28. Rxf2 Qxf2+ 29. Kh1 Bd4 30. Qc8+ Kg7 31. Qxb7+ Kh6 32. Qg2 Qe1+ 33. Qf1 Qh4 34. c6 Be5 35. Qf8+ Bg7 36. Qf3 Be5 37. Kg2 Qe1 38. Ne2 Qd2 39. c3 Qg5+ 40. Kf1 Qd2 41. b4 Qd1+ 42. Kf2 Qd6 43. Qe3+ Kg7 44. Nd4 Qf6+ 45. Ke2 Qd6 46. Bg2 Qf6 47. Bf3 h5 48. c7 Bxc7 49. Ne6+ Kh7 50. Nxc7 Qf7 51. Nd5 h4 52. Qg5 Kg7 53. Qxh4 Qe6+ 54. Kf2 Qf5 55. Qd4+ 1-0


[Site "https://www.chess.com"]

[Event "Titled Tuesday Blitz March 15 Late 2022"]
[White "Fiorito, Fabian"]
[Black "Goryachkina, Aleksandra"]
[WhiteFideId "100200"]
[BlackFideId "4147103"]
[WhiteElo "2395"]
[BlackElo "2426"]
[Result "0-1"]
[Round "08"]
[TimeControl "180+1"]
[Date "2022.03.16"]
[WhiteClock "0:00:20"]
[BlackClock "0:00:31"]

1. e4 e6 2. d4 d5 3. Nd2 c5 4. Ngf3 cxd4 5. Nxd4 Nc6 6. Nxc6 bxc6 7. Bd3 Bd6 8. O-O Nf6 9. Re1 Qc7 10. h3 O-O 11. b3 e5 12. Bb2 Bb7 13. Rc1 dxe4 14. Nxe4 Nxe4 15. Bxe4 f5 16. Bd3 Rad8 17. Qh5 e4 18. Bc4+ Kh8 19. Rcd1 c5 20. Qh6 Bh2+ 21. Kh1 Be5 22. Bxe5 Qxe5 23. Qg5 Rd4 24. c3 Rxd1 25. Rxd1 h6 26. Qg6 e3 27. fxe3 Qxe3 28. Rd7 Qxh3+ 29. Kg1 Qe3+ 30. Kh1 Qe1+ 31. Kh2 Qe5+ 32. Qg3 f4 33. Qg6 f3+ 34. g3 Be4 35. Qg4 f2 36. Bf1 Rf5 37. Rd8+ Kh7 38. Rd5 Qxd5 0-1


[Site "https://www.chess.com"]

[Event "Titled Tuesday Blitz March 15 Late 2022"]
[White "Fishbein, Alexander"]
[Black "Jeet, Jain"]
[WhiteFideId "2000377"]
[BlackFideId "5073022"]
[WhiteElo "2442"]
[BlackElo "2085"]
[Result "1-0"]
[Round "08"]
[TimeControl "180+1"]
[Date "2022.03.16"]
[WhiteClock "0:00:28"]
[BlackClock "0:00:04"]

1. e4 c6 2. d4 d5 3. Nc3 dxe4 4. Nxe4 Nf6 5. Qd3 Nxe4 6. Qxe4 Nd7 7. Nf3 Nf6 8. Qd3 g6 9. Be2 Bf5 10. Qb3 Qb6 11. c3 Bg7 12. O-O O-O 13. Bf4 Rac8 14. Be5 Rfd8 15. Bc4 Qxb3 16. axb3 a6 17. b4 Nd5 18. Bxg7 Kxg7 19. Rfe1 Re8 20. h3 h5 21. Kh2 Nf4 22. Bf1 Nd3 23. Bxd3 Bxd3 24. g4 hxg4 25. hxg4 Bc4 26. Kg3 Bd5 27. Ne5 f6 28. Nd3 Kf7 29. f3 Rh8 30. Rh1 Kg7 31. Nc5 Rxh1 32. Rxh1 Rc7 33. Rh2 b6 34. Nxa6 Ra7 35. b5 Bc4 36. Nb4 Bxb5 37. Rd2 Kf7 38. f4 c5 39. Nd5 Rb7 40. g5 Bc6 41. Ne3 Rd7 42. d5 Bb7 43. c4 fxg5 44. fxg5 e6 45. Ng4 Kg7 46. d6 Be4 47. Ne5 Rd8 48. d7 Kf8 49. Kf4 Bb7 50. Nxg6+ Kf7 51. Ne5+ Ke7 52. g6 Rf8+ 53. Kg3 Kd8 54. Nf7+ 1-0


[Site "https://www.chess.com"]

[Event "Titled Tuesday Blitz March 15 Late 2022"]
[White "Fishbein, Mitch"]
[Black "Mikhailov, Viacheslav"]
[WhiteFideId "30922917"]
[BlackFideId "4187369"]
[WhiteElo "1939"]
[BlackElo "2381"]
[Result "1-0"]
[Round "08"]
[TimeControl "180+1"]
[Date "2022.03.16"]
[WhiteClock "0:00:47"]
[BlackClock "0:00:03"]

1. d4 c5 2. d5 e5 3. e4 d6 4. Nc3 a6 5. a4 Be7 6. Nf3 Bg4 7. h3 Bxf3 8. Qxf3 Bg5 9. Bxg5 Qxg5 10. Qg4 Qxg4 11. hxg4 Ne7 12. g3 Nd7 13. Be2 O-O-O 14. Kf1 Kc7 15. Kg2 h6 16. Nd1 Nf6 17. f3 Nh7 18. f4 Nf6 19. Kf3 Ng6 20. Ne3 Rhe8 21. Bd3 Rd7 22. a5 Ne7 23. Nc4 Nexd5 24. g5 exf4 25. gxf4 Nxf4 26. gxf6 g5 27. Rxh6 d5 28. Nb6 dxe4+ 29. Bxe4 Rd2 30. Rh7 Rf8 31. Rg1 Ne2 32. Rxg5 Nd4+ 33. Ke3 Re2+ 34. Kd3 Re1 35. Rgg7 Rd1+ 36. Ke3 Re8 37. Rxf7+ Kd6 38. Nc4+ Ke6 39. Re7+ Kxf6 40. Rxe8 Nxc2+ 41. Bxc2 Re1+ 42. Kd2 Rxe8 43. Rxb7 Rd8+ 44. Kc3 Rh8 45. Rb6+ Ke7 46. Rxa6 Rh4 47. Bd3 Rh3 48. Rb6 Rh1 49. a6 Ra1 50. Rb7+ Ke6 51. a7 Ra6 52. Nb6 Kd6 53. a8=Q Rxa8 54. Nxa8 Kc6 55. Rb5 Kd5 56. Bc4+ Kc6 57. Rb6+ 1-0


[Site "https://www.chess.com"]

[Event "Titled Tuesday Blitz March 15 Late 2022"]
[White "Gatterer, Florian"]
[Black "Swicarz, Maciej"]
[WhiteFideId "811688"]
[BlackFideId "1113585"]
[WhiteElo "2218"]
[BlackElo "2057"]
[Result "0-1"]
[Round "08"]
[TimeControl "180+1"]
[Date "2022.03.16"]
[WhiteClock "0:00:25"]
[BlackClock "0:01:34"]

1. Nf3 c5 2. c4 Nc6 3. Nc3 g6 4. e3 Nf6 5. d4 cxd4 6. exd4 d5 7. cxd5 Nxd5 8. Qb3 Nxc3 9. Bc4 e6 10. bxc3 Na5 11. Bb5+ Bd7 12. Qa4 Nc6 13. Bg5 Qa5 14. Qxa5 Nxa5 15. Bxd7+ Kxd7 16. Ne5+ Ke8 17. Bf6 Rg8 18. Kd2 Be7 19. Bxe7 Kxe7 20. Rab1 Rac8 21. Rb5 b6 22. Rhb1 Rc7 23. Rxa5 bxa5 24. Nd3 Rgc8 25. Nc5 Kd6 26. Kd3 e5 27. Rb5 exd4 28. cxd4 Rd8 29. Rxa5 Kc6 0-1


[Site "https://www.chess.com"]

[Event "Titled Tuesday Blitz March 15 Late 2022"]
[White "Gledura, Benjamin"]
[Black "Yoo, Christopher Woojin"]
[WhiteFideId "712779"]
[BlackFideId "30909694"]
[WhiteElo "2326"]
[BlackElo "2105"]
[Result "0-1"]
[Round "08"]
[TimeControl "180+1"]
[Date "2022.03.15"]
[WhiteClock "0:02:15"]
[BlackClock "0:01:19"]

1. e4 c5 2. Nc3 e6 3. Nf3 Nc6 4. d4 cxd4 5. Nxd4 Nf6 6. Nxc6 bxc6 7. e5 Nd5 8. Ne4 Qc7 9. f4 Rb8 10. c4 Bb4+ 11. Ke2 O-O 12. cxd5 cxd5 13. Nd6 f6 14. Nxc8 fxe5 15. g3 Rbxc8 16. Qb3 Bd6 17. Bd2 Rb8 18. Rc1 Rxb3 19. Rxc7 Rxb2 20. Rc3 Bb4 21. Rb3 Rxd2+ 22. Ke3 Rd4 23. fxe5 Re4+ 24. Kd3 Rf3+ 25. Kc2 Rf2+ 26. Kd3 Rd2# 0-1


[Site "https://www.chess.com"]

[Event "Titled Tuesday Blitz March 15 Late 2022"]
[White "Grischuk, Alexander"]
[Black "Holt, Conrad"]
[WhiteFideId "4126025"]
[BlackFideId "2034387"]
[WhiteElo "2762"]
[BlackElo "2586"]
[Result "1-0"]
[Round "08"]
[TimeControl "180+1"]
[Date "2022.03.15"]
[WhiteClock "0:00:05"]
[BlackClock "0:00:07"]

1. e4 e6 2. d4 d5 3. e5 c5 4. c3 Nc6 5. Nf3 Bd7 6. Be2 f6 7. O-O Qc7 8. Bf4 Nge7 9. Re1 Ng6 10. Bg3 f5 11. h4 Qb6 12. Qd2 cxd4 13. cxd4 Bb4 14. Nc3 Na5 15. h5 Ne7 16. h6 g6 17. Bh4 Nc4 18. Bxc4 dxc4 19. Bf6 O-O 20. Qg5 Bxc3 21. bxc3 Nd5 22. Rec1 Bc6 23. Bg7 Rf7 24. Qh4 Qd8 25. Ng5 Rd7 26. Qg3 Qe7 27. a4 a5 28. Nh3 Qe8 29. f3 Rc7 30. Nf4 Nxf4 31. Qxf4 b5 32. axb5 Bd5 33. Rcb1 a4 34. b6 Rb7 35. Qc1 Qd8 36. Qa3 Rxb6 37. Bf6 Rxb1+ 38. Rxb1 Qf8 39. Qc1 a3 40. Ra1 a2 41. Qd2 Qa3 42. Kh2 Qb3 43. Be7 Qb7 44. Bb4 Qf7 45. Rxa2 Rxa2 46. Qxa2 g5 47. Qa5 Qh5+ 48. Kg1 Qxh6 49. Qd8+ Kf7 50. Qe7+ Kg6 51. Qe8+ Kg7 52. Bf8+ Kg8 53. Bxh6# 1-0


[Site "https://www.chess.com"]

[Event "Titled Tuesday Blitz March 15 Late 2022"]
[White "Hakobyan, Aram"]
[Black "Rustemov, Alexander"]
[WhiteFideId "13306677"]
[BlackFideId "4119002"]
[WhiteElo "2557"]
[BlackElo "2750"]
[Result "0-1"]
[Round "08"]
[TimeControl "180+1"]
[Date "2022.03.15"]
[WhiteClock "0:00:05"]
[BlackClock "0:00:18"]

1. e4 e6 2. Qe2 c5 3. Nf3 Nc6 4. g3 g6 5. c3 Bg7 6. h4 h6 7. Na3 Nge7 8. Nc4 d5 9. Na3 d4 10. Bg2 e5 11. h5 g5 12. d3 Bg4 13. Qc2 Qd7 14. Nc4 Rd8 15. Nfd2 dxc3 16. bxc3 Qxd3 17. Qxd3 Rxd3 18. Bb2 O-O 19. Bf1 Rd7 20. Ne3 Be6 21. c4 Nd4 22. Rc1 f5 23. exf5 Nexf5 24. Nd5 b5 25. Ne4 Bxd5 26. cxd5 c4 27. Ba3 Rfd8 28. d6 Nf3+ 29. Ke2 N3d4+ 30. Ke1 g4 31. Bg2 Kf7 32. Nc5 Rxd6 33. Nb7 Rd5 34. Nxd8+ Rxd8 35. Be4 Nf3+ 36. Bxf3 gxf3 37. Rd1 Nd4 38. Kf1 a5 39. Rh4 b4 40. Bc1 c3 41. Rd3 Rc8 42. Re4 a4 43. Ree3 c2 44. g4 b3 45. axb3 Nxb3 46. Rxf3+ Ke6 47. Rc3 Rxc3 48. Rxc3 Nxc1 49. Rxc2 Nd3 50. Rc6+ Kd5 51. Ra6 Nc5 52. Ra7 Bf6 53. Kg2 Bg5 54. f3 Kc4 55. Kf2 Kb4 56. Ke2 a3 57. Kd1 Kb3 58. Ra5 a2 59. Ke2 Na4 60. Rb5+ Kc4 61. Rb1 Nc3+ 0-1


[Site "https://www.chess.com"]

[Event "Titled Tuesday Blitz March 15 Late 2022"]
[White "Hambleton, Aman"]
[Black "Cervantes Landeiro, Thalia"]
[WhiteFideId "2606577"]
[BlackFideId "3520498"]
[WhiteElo "2552"]
[BlackElo "2021"]
[Result "0-1"]
[Round "08"]
[TimeControl "180+1"]
[Date "2022.03.16"]
[WhiteClock "0:00:01"]
[BlackClock "0:00:16"]

1. e4 e5 2. Nf3 Nc6 3. Bc4 Bc5 4. Bxf7+ Kxf7 5. Nxe5+ Nxe5 6. Qh5+ Ng6 7. Qd5+ Kf8 8. Qxc5+ d6 9. Qe3 Nf6 10. Nc3 Kf7 11. O-O Re8 12. d3 Kg8 13. Qg3 Be6 14. f4 Bf7 15. f5 Ne5 16. Bg5 Kh8 17. Rae1 c5 18. Qh4 Qe7 19. Re3 Bg8 20. Ne2 h6 21. Rg3 Bh7 22. Bc1 Qf7 23. Nf4 d5 24. Ne6 Rg8 25. Nxg7 Rxg7 26. Rxg7 Qxg7 27. Bxh6 Qf7 28. Bf4 Re8 29. Bg5 Ned7 30. Re1 dxe4 31. dxe4 Nxe4 32. Bf4 Nef6 33. Rxe8+ Qxe8 34. Bg5 Qe5 35. Qf2 Qxf5 36. Qh4 Qe5 37. h3 Qd4+ 0-1


[Site "https://www.chess.com"]

[Event "Titled Tuesday Blitz March 15 Late 2022"]
[White "Hartikainen, Jarmo"]
[Black "Lewtak, Damian"]
[WhiteFideId "503134"]
[BlackFideId "1141724"]
[WhiteElo "2109"]
[BlackElo "2362"]
[Result "0-1"]
[Round "08"]
[TimeControl "180+1"]
[Date "2022.03.16"]
[WhiteClock "0:00:05"]
[BlackClock "0:01:09"]

1. e4 c5 2. Nf3 Nc6 3. d4 cxd4 4. Nxd4 d5 5. Nxc6 bxc6 6. exd5 Qxd5 7. Qxd5 cxd5 8. Bb5+ Bd7 9. Bxd7+ Kxd7 10. O-O Rc8 11. c3 Nf6 12. Be3 a6 13. h3 e6 14. Nd2 Bd6 15. Rfc1 h6 16. b4 Be5 17. Bd4 Bxd4 18. cxd4 Kd6 19. a4 Rxc1+ 20. Rxc1 Rb8 21. Rb1 Ng8 22. Nf3 f6 23. Ne1 Ne7 24. b5 axb5 25. Rxb5 Ra8 26. a5 Nc6 27. Rb7 Rxa5 28. Rxg7 Nxd4 29. Nd3 Ra3 30. Nf4 e5 31. Nh5 Ne2+ 32. Kf1 Nc3 33. g4 d4 34. Nxf6 d3 35. Rd7+ Ke6 36. Rxd3 Kxf6 37. Ke1 Ra1+ 38. Kd2 Ne4+ 39. Ke3 Re1+ 40. Kf3 Ng5+ 41. Kg3 e4 42. Rd6+ Ne6 43. h4 Rg1+ 44. Kh3 Ke5 45. Rd2 Nf4+ 46. Kh2 Rxg4 47. Rd8 Rxh4+ 48. Kg3 Rh3+ 49. Kg4 h5+ 50. Kg5 Ne6+ 51. Kg6 Nxd8 0-1


[Site "https://www.chess.com"]

[Event "Titled Tuesday Blitz March 15 Late 2022"]
[White "Indjic, Aleksandar"]
[Black "Ibarra Jerez, Jose Carlos"]
[WhiteFideId "911925"]
[BlackFideId "2226332"]
[WhiteElo "2616"]
[BlackElo "2626"]
[Result "1-0"]
[Round "08"]
[TimeControl "180+1"]
[Date "2022.03.15"]
[WhiteClock "0:00:32"]
[BlackClock "0:00:04"]

1. d4 Nf6 2. c4 d6 3. Nf3 g6 4. h3 Bg7 5. Nc3 Bf5 6. g4 Bd7 7. e4 O-O 8. Be3 Nc6 9. d5 Nb8 10. Nd4 c5 11. Nc2 e6 12. a4 exd5 13. cxd5 Re8 14. f3 Na6 15. Na3 Nb4 16. Nc4 Qc7 17. Bf4 Bf8 18. Kf2 a6 19. a5 Bb5 20. Nb6 Rad8 21. Bxb5 axb5 22. Nxb5 Qe7 23. Re1 h5 24. Nc4 hxg4 25. hxg4 Nfxd5 26. exd5 Qxe1+ 27. Qxe1 Nd3+ 28. Kg3 Nxe1 29. Bxd6 Re2 30. Bxf8 Kxf8 31. d6 g5 32. Nc3 Rg2+ 33. Kh3 Rg1 34. Ne2 Rh1+ 35. Kg3 Kg7 36. Rd1 Rdh8 37. Kf2 R8h2+ 38. Ke3 Nc2+ 39. Kd2 Rxd1+ 40. Kxd1 Nd4 41. Nxd4 cxd4 42. d7 Rh8 43. Nd6 Rd8 44. Nxb7 Rxd7 45. a6 Re7 46. b4 Kf6 47. b5 Ke5 48. a7 Rxb7 49. a8=Q Rxb5 50. Qe8+ Kf4 51. Qxb5 Kxf3 52. Qxg5 1-0


[Site "https://www.chess.com"]

[Event "Titled Tuesday Blitz March 15 Late 2022"]
[White "Iskusnyh, Sergei"]
[Black "Aydin, Gulenay"]
[WhiteFideId "4120027"]
[BlackFideId "34557431"]
[WhiteElo "2492"]
[BlackElo "1429"]
[Result "1-0"]
[Round "08"]
[TimeControl "180+1"]
[Date "2022.03.16"]
[WhiteClock "0:00:39"]
[BlackClock "0:00:05"]

1. d4 Nf6 2. c4 g6 3. g3 Bg7 4. Bg2 O-O 5. Nc3 d6 6. Nf3 c6 7. O-O Qa5 8. e4 e5 9. h3 Re8 10. Be3 Nbd7 11. Qc2 exd4 12. Nxd4 Ne5 13. b3 Qc7 14. Rad1 a6 15. f4 Ned7 16. Bf2 a5 17. Ndb5 cxb5 18. Nxb5 Qb8 19. Nxd6 Rf8 20. e5 Ne8 21. Nb5 Nc7 22. Nd6 Ne8 23. c5 Qc7 24. Nb5 Qb8 25. Rd2 Nc7 26. Nd6 Ne6 27. Rfd1 Qc7 28. Nb5 Qb8 29. Rxd7 Bxd7 30. Rxd7 Qe8 31. Rxb7 Rb8 32. Nd6 Qd8 33. c6 Rxb7 34. cxb7 Qb8 35. Bd5 Nc7 36. Bxf7+ Kh8 37. Qc4 g5 38. Bd5 gxf4 39. gxf4 Nxd5 40. Qxd5 Qc7 41. Nf7+ Rxf7 42. Qxf7 Qxf7 43. b8=Q+ Qf8 44. Qxf8+ Bxf8 45. Kg2 Bb4 46. Kf3 1-0


[Site "https://www.chess.com"]

[Event "Titled Tuesday Blitz March 15 Late 2022"]
[White "Jaferian, Koosha"]
[Black "Pesotskiy, Mikhail"]
[WhiteFideId "12507440"]
[BlackFideId "34164453"]
[WhiteElo "2030"]
[BlackElo "2010"]
[Result "1-0"]
[Round "08"]
[TimeControl "180+1"]
[Date "2022.03.15"]
[WhiteClock "0:01:32"]
[BlackClock "0:01:39"]

1. Nf3 Nf6 2. b3 b6 3. g3 Bb7 4. Bg2 e6 5. Bb2 Be7 6. O-O O-O 7. c4 c5 8. d4 cxd4 9. Nxd4 Bxg2 10. Kxg2 d6 11. Nc3 a6 12. Qd2 Qc7 13. Rfd1 Nbd7 14. Rac1 Rfd8 15. e4 Qb7 16. f3 Nc5 17. Qe3 Bf8 18. Nde2 b5 19. Nb1 Be7 20. Rd2 bxc4 21. Rxc4 d5 22. Rxc5 Bxc5 23. Qxc5 dxe4 24. Qe3 exf3+ 25. Qxf3 Ne4 26. Rxd8+ Rxd8 27. Nbc3 Rd2 28. Nxe4 Qd5 29. Nxd2 1-0


[Site "https://www.chess.com"]

[Event "Titled Tuesday Blitz March 15 Late 2022"]
[White "Janaszak, Dawid"]
[Black "Donchenko, Alexander"]
[WhiteFideId "1119206"]
[BlackFideId "24603295"]
[WhiteElo "2199"]
[BlackElo "2539"]
[Result "1-0"]
[Round "08"]
[TimeControl "180+1"]
[Date "2022.03.16"]
[WhiteClock "0:00:20"]
[BlackClock "0:01:27"]

1. e4 c6 2. d4 d5 3. exd5 cxd5 4. Bd3 Nf6 5. c3 Bg4 6. Qb3 Qd7 7. Bf4 Nc6 8. Nd2 e6 9. Ngf3 Bd6 10. Bxd6 Qxd6 11. O-O O-O 12. Rae1 Rab8 13. Ne5 Bh5 14. f4 b5 15. a3 Bg6 16. Bxg6 hxg6 17. Qc2 a5 18. Nb3 Ra8 19. Nc5 b4 20. a4 Rab8 21. Rf3 bxc3 22. bxc3 Ne7 23. Rh3 Rfc8 24. Rh8+ Kxh8 25. Nxf7+ Kg8 26. Nxd6 Rc6 27. Rxe6 Nf5 28. Nxf5 Rxe6 29. Nxe6 gxf5 30. Qxf5 Ne4 31. g3 Rb1+ 32. Kg2 Rb2+ 33. Kh3 Nf6 34. Ng5 Rb8 35. Qe6+ Kh8 36. g4 Re8 37. Qc6 Re3+ 38. Kg2 Re2+ 39. Kf1 Re8 40. h3 Rb8 41. Nf7+ Kh7 42. Ne5 Rb1+ 43. Ke2 Rb2+ 44. Kd1 Rf2 45. g5 Ne4 46. Qg6+ Kg8 47. Qe8+ Kh7 48. g6+ Kh6 49. Qh8# 1-0


[Site "https://www.chess.com"]

[Event "Titled Tuesday Blitz March 15 Late 2022"]
[White "Janturin, Artur"]
[Black "Taichman, Ori"]
[WhiteFideId "4130022"]
[BlackFideId "2804069"]
[WhiteElo "2376"]
[BlackElo "2227"]
[Result "0-1"]
[Round "08"]
[TimeControl "180+1"]
[Date "2022.03.16"]
[WhiteClock "0:00:14"]
[BlackClock "0:00:22"]

1. b3 Nf6 2. Bb2 g6 3. Bxf6 exf6 4. c4 Bg7 5. Nc3 b6 6. g3 Bb7 7. Nd5 f5 8. Rc1 c6 9. Nc3 c5 10. Nd5 Bxd5 11. cxd5 d6 12. Bg2 O-O 13. e3 b5 14. Ne2 a5 15. O-O a4 16. d4 Nd7 17. dxc5 Nxc5 18. Nd4 axb3 19. axb3 Bxd4 20. exd4 Ne4 21. Rc6 Ra2 22. Bxe4 fxe4 23. Qg4 Re8 24. Qf4 Rb2 25. Rxd6 Qa5 26. Rd7 Rf8 27. Rc1 Qd2 28. Qxd2 Rxd2 29. Rc5 h5 30. Rxb5 e3 31. Rdb7 e2 0-1


[Site "https://www.chess.com"]

[Event "Titled Tuesday Blitz March 15 Late 2022"]
[White "Jarocka, Liwia"]
[Black "Estrada Nieto, Julian"]
[WhiteFideId "21807558"]
[BlackFideId "5101018"]
[WhiteElo "1896"]
[BlackElo "2246"]
[Result "1/2-1/2"]
[Round "08"]
[TimeControl "180+1"]
[Date "2022.03.16"]
[WhiteClock "0:01:02"]
[BlackClock "0:01:05"]

1. Nf3 d5 2. b3 Nf6 3. Bb2 Bg4 4. Ne5 Bf5 5. d4 Nbd7 6. e3 e6 7. Bd3 Bd6 8. O-O O-O 9. c4 c6 10. Nxd7 Qxd7 11. Nc3 Qe7 12. Qc2 Bxd3 13. Qxd3 Ba3 14. Bxa3 Qxa3 15. e4 dxe4 16. Nxe4 Nxe4 17. Qxe4 Rfd8 18. Rfd1 Qb2 19. Qe3 Rd7 20. Rab1 Qxa2 21. h4 a6 22. h5 h6 23. Qc3 Qe2 24. Qh3 Qe4 25. Re1 Qxd4 26. Rbd1 Qxd1 27. Rxd1 Rxd1+ 28. Kh2 Rad8 29. Qg3 Kh7 30. Qc7 R8d7 31. Qb6 e5 32. Qc5 f6 33. Qe3 R7d4 34. Qg3 R1d3 35. Qg6+ Kh8 36. Qe8+ Kh7 37. Qg6+ Kg8 38. Qe8+ Kh7 39. Qg6+ 1/2-1/2


[Site "https://www.chess.com"]

[Event "Titled Tuesday Blitz March 15 Late 2022"]
[White "Kadam, Om Manish"]
[Black "Batsiashvili, Nino"]
[WhiteFideId "45076294"]
[BlackFideId "13602993"]
[WhiteElo "1729"]
[BlackElo "2192"]
[Result "1-0"]
[Round "08"]
[TimeControl "180+1"]
[Date "2022.03.16"]
[WhiteClock "0:00:25"]
[BlackClock "0:00:21"]

1. e4 c6 2. c4 d5 3. exd5 cxd5 4. cxd5 Nf6 5. Nc3 Nxd5 6. Nf3 Nxc3 7. bxc3 g6 8. d4 Bg7 9. Be2 O-O 10. O-O Qc7 11. Bb2 Nc6 12. Rc1 Na5 13. c4 Bg4 14. Qa4 Rac8 15. c5 Rfd8 16. Bc3 Nc6 17. Rfd1 Be6 18. Rb1 b6 19. Ba6 bxc5 20. Bxc8 Qxc8 21. Rbc1 Bd5 22. dxc5 Bxf3 23. gxf3 Rxd1+ 24. Qxd1 Bxc3 25. Rxc3 Qf5 26. Qd2 e5 27. Qd5 Nd4 28. Kf1 Qb1+ 29. Kg2 Ne2 30. Qxe5 Qg1+ 31. Kh3 Qxf2 32. Qe8+ Kg7 33. Qe5+ f6 34. Qe7+ Kh6 35. Qe3+ Qxe3 36. Rxe3 Nf4+ 37. Kg3 g5 38. c6 Nd5 39. Rc3 Nc7 40. Rd3 Kg6 41. Rd7 Ne6 42. c7 Nxc7 43. Rxc7 h5 44. Rxa7 h4+ 45. Kf2 Kf5 46. a4 Kf4 47. a5 f5 48. a6 g4 49. fxg4 fxg4 50. Rf7+ Ke4 51. a7 g3+ 52. hxg3 hxg3+ 53. Kxg3 Kd5 54. a8=Q+ Ke6 55. Qe8+ Kd6 56. Rd7+ Kc6 57. Qc8+ Kb6 58. Rb7+ Ka6 59. Qa8# 1-0


[Site "https://www.chess.com"]

[Event "Titled Tuesday Blitz March 15 Late 2022"]
[White "Kokoszczynski, Jan"]
[Black "Zaksaite, Salomeja"]
[WhiteFideId "1174460"]
[BlackFideId "12801496"]
[WhiteElo "2163"]
[BlackElo "1953"]
[Result "1-0"]
[Round "08"]
[TimeControl "180+1"]
[Date "2022.03.16"]
[WhiteClock "0:00:34"]
[BlackClock "0:00:01"]

1. e4 c5 2. Nf3 e6 3. g3 Nf6 4. Qe2 Nc6 5. Bg2 d6 6. O-O Be7 7. c3 O-O 8. d4 cxd4 9. cxd4 Bd7 10. Nc3 Rc8 11. Rd1 a6 12. e5 Nd5 13. Nxd5 exd5 14. Bf4 Be6 15. Rac1 dxe5 16. Nxe5 Qa5 17. a3 Qb6 18. Qd2 Nxe5 19. Bxe5 h6 20. h4 Bg4 21. Re1 Be6 22. b4 Qb5 23. Rc5 Bxc5 24. dxc5 Rfe8 25. Qd4 Qc4 26. Qxc4 dxc4 27. Bxb7 Rcd8 28. Bxa6 Bc8 29. Bxc4 Kh7 30. Bxf7 Re7 31. Bc4 Rde8 32. f4 1-0


[Site "https://www.chess.com"]

[Event "Titled Tuesday Blitz March 15 Late 2022"]
[White "Kosteniuk, Alexandra"]
[Black "Solon, Nathan"]
[WhiteFideId "4128125"]
[BlackFideId "2017229"]
[WhiteElo "2469"]
[BlackElo "2590"]
[Result "1/2-1/2"]
[Round "08"]
[TimeControl "180+1"]
[Date "2022.03.15"]
[WhiteClock "0:00:29"]
[BlackClock "0:00:09"]

1. e4 d5 2. exd5 Nf6 3. Nf3 Bg4 4. Bb5+ Nbd7 5. Nc3 a6 6. Be2 Nb6 7. h3 Bh5 8. d4 Nbxd5 9. Nxd5 Qxd5 10. c4 Qd6 11. g4 Bg6 12. Ne5 O-O-O 13. Be3 e6 14. Qb3 Qb4+ 15. Qxb4 Bxb4+ 16. Kf1 Nd7 17. Nxg6 hxg6 18. c5 c6 19. a3 Ba5 20. b4 Bc7 21. Kg2 Nf6 22. a4 Nd5 23. b5 axb5 24. axb5 Bf4 25. Ra3 Bxe3 26. fxe3 cxb5 27. Bxb5 Kc7 28. Rha1 f5 29. Bc4 g5 30. Rb3 f4 31. Bxd5 Rxd5 32. Ra7 Rb8 33. Kf3 e5 34. dxe5 Rxe5 35. exf4 gxf4 36. Kxf4 Rxc5 37. Kg3 g5 38. Rf3 Kb6 39. Raa3 Rbc8 40. Rab3+ Ka6 41. h4 gxh4+ 42. Kxh4 Rc4 43. Rf6+ Ka7 44. Rf7 R8c7 45. Rxc7 Rxc7 46. g5 Ka6 47. g6 b5 48. Kg5 Ka5 49. Kf6 Ka4 50. Re3 b4 51. Re7 Rc1 52. Ra7+ Kb3 53. g7 Rg1 54. Ra8 Kc2 55. Rc8+ Kd2 56. Rd8+ Kc2 57. Rc8+ Kd2 58. g8=Q Rxg8 59. Rxg8 b3 60. Ke5 b2 61. Rg2+ Kc1 62. Rg1+ Kc2 63. Kd4 b1=Q 64. Rxb1 Kxb1 1/2-1/2


[Site "https://www.chess.com"]

[Event "Titled Tuesday Blitz March 15 Late 2022"]
[White "Krasteva, Beloslava"]
[Black "Petre, Nad-Titus"]
[WhiteFideId "2922029"]
[BlackFideId "1204165"]
[WhiteElo "1689"]
[BlackElo "2354"]
[Result "0-1"]
[Round "08"]
[TimeControl "180+1"]
[Date "2022.03.16"]
[WhiteClock "0:00:01"]
[BlackClock "0:00:03"]

1. d4 Nf6 2. c4 c5 3. d5 b5 4. cxb5 a6 5. b6 g6 6. Nc3 d6 7. e4 Bg7 8. Qb3 Bb7 9. a4 a5 10. Bb5+ Nbd7 11. Nf3 O-O 12. O-O Qxb6 13. Nd2 Rfb8 14. Nc4 Qd8 15. f4 Nb6 16. h3 Nh5 17. g4 Bd4+ 18. Kg2 Nf6 19. Nxb6 Qxb6 20. Qc2 Ba6 21. g5 Nh5 22. Bxa6 Qxa6 23. Nb5 Rxb5 24. axb5 Qxb5 25. Ra3 Rb8 26. Rff3 c4 27. b3 c3 28. Ra4 Bg7 29. e5 dxe5 30. Rxc3 Nxf4+ 31. Bxf4 exf4 32. Rc8+ Bf8 33. Rxb8 Qxb8 34. Rxa5 Qe5 35. b4 Qxg5+ 36. Kf1 f3 37. Qf2 Qc1+ 0-1


[Site "https://www.chess.com"]

[Event "Titled Tuesday Blitz March 15 Late 2022"]
[White "Kubicka, Anna"]
[Black "Barp, Alberto"]
[WhiteFideId "1152254"]
[BlackFideId "872555"]
[WhiteElo "2000"]
[BlackElo "2229"]
[Result "0-1"]
[Round "08"]
[TimeControl "180+1"]
[Date "2022.03.15"]
[WhiteClock "0:00:02"]
[BlackClock "0:01:15"]

1. e4 c6 2. Nc3 d5 3. Nf3 Bg4 4. h3 Bh5 5. g4 Bg6 6. exd5 cxd5 7. Bb5+ Nc6 8. d4 e6 9. Ne5 Rc8 10. Qf3 Bd6 11. Bf4 Ne7 12. Nxg6 Nxg6 13. Bxd6 Qxd6 14. O-O-O a6 15. Bxc6+ Rxc6 16. Kb1 O-O 17. h4 Qf4 18. Qd3 Rfc8 19. h5 Nf8 20. f3 h6 21. Ne2 Qc7 22. c3 Nh7 23. f4 Rb6 24. g5 Qc4 25. Qd2 hxg5 26. fxg5 Nxg5 27. h6 Ne4 28. Qc2 Qxe2 29. Qxe2 Nxc3+ 30. Ka1 Nxe2 31. Rd2 Rbc6 32. a3 Rc1+ 33. Rxc1 Nxc1 34. Rg2 g6 35. Rg3 Ne2 36. Rd3 Rc4 0-1


[Site "https://www.chess.com"]

[Event "Titled Tuesday Blitz March 15 Late 2022"]
[White "Lazavik, Denis"]
[Black "Zhigalko, Sergei"]
[WhiteFideId "13515110"]
[BlackFideId "13502956"]
[WhiteElo "2437"]
[BlackElo "2662"]
[Result "1/2-1/2"]
[Round "08"]
[TimeControl "180+1"]
[Date "2022.03.15"]
[WhiteClock "0:00:05"]
[BlackClock "0:00:05"]

1. d4 Nf6 2. c4 e6 3. Nf3 b6 4. g3 Ba6 5. b3 Bb4+ 6. Bd2 Be7 7. Nc3 O-O 8. Bg2 c6 9. e4 d5 10. exd5 cxd5 11. Ne5 Bb7 12. O-O Nc6 13. Bf4 Rc8 14. Rc1 Ba3 15. Rc2 a6 16. Nxc6 Bxc6 17. cxd5 Nxd5 18. Nxd5 Bxd5 19. Rxc8 Qxc8 20. Bxd5 exd5 21. Qd3 Re8 22. Kg2 h6 23. h4 b5 24. Rd1 Qg4 25. Qf3 h5 26. Rd3 Re4 27. Qxg4 hxg4 28. Rc3 Rxd4 29. Rc8+ Kh7 30. Ra8 Rd1 31. Rxa6 b4 32. h5 Ra1 33. Ra7 f6 34. h6 Rxa2 35. Rxg7+ Kh8 36. Rd7 Bb2 37. Rxd5 Ra3 38. Rd8+ Kh7 39. Rd7+ Kh8 40. Rg7 Rxb3 41. Rxg4 Bc3 42. Rg7 Rb1 43. Rb7 b3 44. Rc7 b2 45. Rxc3 Rd1 46. Rc8+ Kh7 47. Rc7+ Kh8 48. Rb7 b1=Q 49. Rxb1 Rxb1 50. Kf3 Rb5 51. g4 Kh7 52. Be3 Kg6 53. Kg3 f5 54. gxf5+ Rxf5 55. f3 Re5 56. Kf2 Rb5 57. Kg3 Kh7 58. Kf2 Kg6 59. Kg3 Rf5 60. Kf2 Rb5 1/2-1/2


[Site "https://www.chess.com"]